Map: Port Aleksander LE

Players

PtitDrogo

  • Race: Protoss Protoss
  • League: Grandmaster
  • Spawn Location: 5:00

Reynor - Winner!

  • Race: Zerg Zerg
  • League: Master
  • Spawn Location: 11:00

Event: 2019 WCS Winter Europe

VOD

Have the link to the VOD?

Description

Time

  • Played on: Feb. 14, 2019, 9:29 a.m.
  • Length: 15:56

All games in this series

Show
View Real Time Build Order
Export as new Build Order

PtitDrogo Protoss 

Build Orders: 1 Gate Expand, Oracle Opening 

Get SALT Encoding   

  12  0:00  Probe  
  13  0:12  Probe  
  14  0:20  Pylon  
  14  0:24  Probe  
  15  0:29  Assimilator  
  15  0:35  Probe  
  16  0:44  Probe  
  16  0:45  Gateway  
  17  0:53  Probe  
  18  1:06  Probe  
  19  1:18  Probe  
  20  1:27  Nexus  
  20  1:37  Cybernetics Core  
  20  1:39  Probe  
  21  1:45  Assimilator  
  21  1:51  Probe  
  22  1:54  Pylon  
  22  2:03  Stalker, Probe  
  23  2:13  Warp Gate  
  25  2:16  Probe  
  26  2:25  Stargate  
  26  2:28  Probe  
  27  2:33  Adept  
  27  2:35  Probe  
  27  2:36  Probe  
  29  2:43  Probe  
  31  2:44  Probe  
  33  2:53  Probe  
  33  2:55  Probe  
  35  3:01  Oracle  
  35  3:02  Gateway  
  38  3:14  Probe  
  38  3:15  Gateway  
  38  3:18  Adept  
  41  3:22  Probe  
  41  3:25  Pylon  
  42  3:27  Probe  
  43  3:36  Pylon  
  43  3:38  Oracle  
  46  3:44  Probe x2  
  48  3:56  Probe x2  
  48  4:02  Adept x2  
  54  4:08  Probe  
  55  4:10  Probe  
  55  4:14  Nexus  
  56  4:20  Probe  
  56  4:21  Pylon  
  57  4:27  Adept  
  57  4:29  Adept x2  
  61  4:32  Probe  
  62  4:48  Probe  
  61  4:53  Probe  
  62  5:00  Probe  
  62  5:03  Assimilator x2  
  62  5:05  Probe, Robotics Facility  
  60  5:08  Robotics Facility  
  60  5:10  Twilight Council  
  60  5:12  Forge  
  60  5:13  Probe  
  61  5:17  Probe  
  61  5:21  Protoss Ground Weapons Level 1  
  62  5:22  Probe  
  62  5:26  Probe  
  62  5:27  Charge  
  62  5:28  Zealot, Sentry x2  
  70  5:30  Probe x2  
  70  5:33  Gateway  
  70  5:35  Gateway x2  
  72  5:38  Probe  
  72  5:40  Probe  
  74  5:42  Probe  
  74  5:46  Immortal  
  75  5:50  Probe  
  75  5:51  Zealot  
  75  5:52  Probe  
  83  5:58  Probe  
  83  6:04  Warp Prism  
  83  6:11  Gateway x2  
  85  6:16  Pylon  
  85  6:18  Pylon  
  85  6:19  Assimilator  
  85  6:21  Assimilator  
  85  6:30  Pylon  
  85  6:34  Probe  
  85  6:35  Sentry, Probe  
  85  6:36  Sentry  
  95  6:47  Zealot x4  
  99  6:56  Photon Cannon  
  99  6:58  Gateway, Protoss Ground Weapons Level 2  
  99  7:00  Zealot x2, Gateway  
  103  7:04  Photon Cannon, Templar Archives  
  103  7:09  Zealot x3  
  109  7:16  Pylon x2  
  109  7:19  Pylon  
  109  7:36  Zealot x4  
  109  7:37  Zealot x4  
  115  7:44  Phoenix, Pylon  
  89  7:59  High Templar x4  
  89  8:00  Zealot x4  
  89  8:03  Probe x2  
  89  8:04  Archon x2  
  107  8:21  Zealot x3  
  107  8:22  Zealot, Pylon x2  
  115  8:27  Pylon  
  115  8:34  Zealot x4  
  123  8:42  Zealot x4  
  115  9:01  High Templar x4  
  123  9:03  Pylon  
  123  9:04  High Templar x2  
  123  9:05  Zealot x2, Archon  
  123  9:06  Archon, Warp Prism  
  123  9:09  Archon  
  131  9:10  Pylon  
  123  9:35  Pylon  
  123  9:37  Zealot, High Templar x4  
  123  9:38  Zealot x3  
  139  9:42  Nexus  
  139  9:43  Archon  
  139  9:44  Pylon, Archon  
  139  9:52  Probe  
  124  10:02  High Templar x2  
  124  10:03  Zealot x2  
  124  10:06  Photon Cannon, Archon  
  130  10:08  Photon Cannon  
  130  10:09  Stalker x4  
  130  10:10  Pylon  
  130  10:12  Photon Cannon  
  138  10:17  Zealot x2  
  140  10:35  High Templar x2  
  140  10:39  Zealot, High Templar x2  
  140  10:40  Zealot x5, Archon  
  160  10:44  Archon  
  160  10:46  Protoss Ground Weapons Level 3  
  160  10:55  Assimilator  
  160  10:58  Assimilator  
  160  11:00  Probe  
  161  11:16  High Templar  
  161  11:17  Zealot x7, High Templar  
  179  11:19  Blink  
  179  11:21  Archon  
  175  11:31  Probe  
  158  11:43  Probe  
  155  11:49  High Templar x2  
  155  11:50  High Templar x2  
  155  11:51  Zealot x2  
  155  11:52  Zealot x4  
  155  11:54  Archon x2  
  175  12:03  Cybernetics Core  
  157  12:16  High Templar x2  
  157  12:17  Zealot, High Templar x2  
  157  12:18  Zealot  
  157  12:21  Archon  
  157  12:22  Archon  
  169  12:27  Zealot x3  
  169  12:28  Zealot  
  175  12:42  Zealot x2  
  165  12:48  Zealot x4  
  165  12:51  Zealot x4  
  137  12:58  Warp Prism  
  135  13:02  Stalker  
  111  13:15  Stalker x3  
  113  13:21  High Templar x5  
  113  13:26  Archon x2  
  123  13:28  Stalker  
  123  13:32  Probe  
  122  13:35  Probe  
  122  13:41  High Templar x3  
  117  13:42  Zealot  
  117  13:45  Probe  
  110  13:50  Archon  
  104  13:58  High Templar x4  
  104  14:00  Protoss Shields Level 1  
  104  14:02  Zealot x3  
  108  14:03  Archon x2  
  108  14:13  High Templar  
  108  14:14  Stalker  
  108  14:15  Stalker  
  114  14:18  Archon  
  114  14:23  Stalker  
  116  14:25  Stalker  
  112  14:39  Stalker  
  112  14:42  Stalker x2  
  107  14:59  Probe x2  
  81  15:00  Probe  
  81  15:02  Zealot  
  81  15:03  Zealot x2  
  81  15:04  Probe  
  71  15:26  High Templar x3  
  71  15:27  Stalker, High Templar x3  
  85  15:30  Archon  
  85  15:31  Archon x2  
  85  15:37  Zealot, High Templar x2  
  77  15:44  Archon  
Show
View Real Time Build Order
Export as new Build Order

Reynor Zerg - Winner!

Build Orders: Hatch First, Brood Lord Corruptor 

Get SALT Encoding   

  12  0:00  Drone  
  13  0:12  Overlord  
  13  0:18  Drone  
  14  0:30  Drone x2  
  16  0:49  Drone  
  17  0:54  Hatchery  
  17  0:56  Drone  
  17  1:00  Drone  
  18  1:06  Drone  
  19  1:14  Extractor  
  18  1:20  Spawning Pool  
  18  1:23  Drone  
  18  1:28  Drone  
  19  1:38  Drone  
  20  1:49  Overlord  
  20  2:06  Zergling x4  
  20  2:07  Queen x2  
  26  2:11  Drone  
  27  2:17  Drone  
  27  2:21  Metabolic Boost  
  27  2:22  Drone  
  29  2:28  Drone  
  30  2:32  Drone  
  31  2:43  Hatchery  
  30  2:44  Drone  
  30  2:47  Drone  
  32  2:53  Overlord  
  32  2:54  Drone  
  33  3:05  Overlord  
  32  3:11  Queen  
  32  3:12  Drone x2  
  36  3:19  Overlord  
  35  3:24  Drone x4  
  39  3:29  Queen  
  39  3:33  Zergling x2  
  42  3:36  Zergling x2  
  43  3:43  Spore Crawler, Drone  
  43  3:46  Drone  
  44  3:50  Drone x3  
  44  3:51  Drone  
  44  3:52  Zergling x4  
  44  3:55  Overlord  
  50  4:00  Spore Crawler, Drone  
  50  4:01  Drone  
  51  4:07  Drone x2  
  53  4:11  Drone  
  53  4:13  Evolution Chamber  
  53  4:16  Drone  
  54  4:18  Drone  
  54  4:20  Spore Crawler, Drone x2  
  54  4:21  Spore Crawler  
  54  4:23  Drone x2  
  56  4:26  Overlord  
  56  4:29  Overlord  
  56  4:31  Drone  
  57  4:35  Zergling x4  
  58  4:39  Zergling x2  
  58  4:40  Queen  
  58  4:44  Overlord  
  56  4:46  Zergling x2  
  56  4:47  Zergling x4  
  56  4:58  Drone x3  
  56  4:59  Drone x3  
  60  5:03  Zerg Melee Weapons Level 1  
  60  5:05  Queen  
  61  5:10  Drone x2  
  61  5:14  Zergling x8  
  65  5:16  Drone  
  65  5:20  Drone x2  
  70  5:23  Baneling Nest  
  70  5:25  Lair  
  70  5:26  Drone  
  70  5:27  Drone  
  71  5:30  Drone x2  
  71  5:32  Overlord  
  71  5:34  Drone  
  74  5:36  Extractor, Drone  
  74  5:37  Drone  
  74  5:38  Extractor  
  74  5:39  Drone  
  74  5:40  Extractor, Drone  
  74  5:41  Drone  
  76  5:47  Overlord  
  76  5:48  Drone x2  
  76  5:49  Drone  
  79  5:55  Zergling x2  
  80  6:01  Drone x2  
  80  6:02  Drone  
  83  6:07  Drone x3  
  83  6:08  Extractor  
  85  6:13  Zergling x4  
  85  6:14  Extractor  
  85  6:15  Zergling x8  
  85  6:16  Pneumatized Carapace, Zergling x2  
  91  6:19  Drone x2  
  91  6:22  Overlord  
  91  6:23  Zergling x2  
  91  6:25  Centrifical Hooks  
  94  6:26  Hydralisk Den  
  94  6:28  Zergling x2  
  94  6:33  Drone  
  94  6:36  Drone  
  94  6:38  Zergling x4  
  98  6:42  Hatchery  
  98  6:46  Overlord x2  
  97  6:47  Overlord  
  93  6:54  Hydralisk  
  93  6:55  Hydralisk x5  
  93  6:56  Zergling x4  
  93  6:58  Grooved Spines  
  104  7:02  Zergling x2  
  104  7:04  Overlord  
  104  7:06  Hydralisk x2  
  104  7:07  Zergling x4  
  110  7:15  Zergling x4  
  110  7:16  Zergling x2  
  110  7:17  Baneling x7  
  110  7:19  Zergling x4  
  113  7:26  Baneling x5  
  113  7:28  Zergling x6  
  116  7:30  Queen  
  116  7:34  Hydralisk  
  116  7:35  Hydralisk  
  120  7:39  Baneling x3  
  120  7:41  Zergling x2  
  108  7:53  Hydralisk x2, Zergling x2  
  108  7:55  Hydralisk  
  108  7:56  Zergling x12  
  118  7:59  Baneling  
  118  8:00  Baneling x3  
  118  8:03  Zergling x2  
  118  8:04  Zergling x8  
  123  8:13  Zergling x10  
  123  8:14  Baneling x6  
  123  8:15  Baneling  
  123  8:16  Zergling x2  
  129  8:21  Drone  
  129  8:22  Muscular Augments  
  129  8:23  Zergling x4  
  129  8:26  Overlord  
  132  8:31  Hydralisk  
  132  8:41  Hydralisk x4  
  132  8:43  Zergling x4  
  132  8:44  Drone x3  
  132  8:45  Drone x2  
  137  8:51  Drone x5  
  137  8:53  Zerg Melee Weapons Level 2  
  137  8:54  Zergling x4  
  144  9:01  Overlord x2  
  144  9:03  Drone x4  
  144  9:08  Hydralisk, Zergling x4  
  152  9:19  Infestation Pit  
  152  9:22  Extractor, Zergling x18  
  159  9:28  Zergling x10  
  159  9:30  Overlord  
  163  9:33  Zergling x8  
  166  9:39  Zergling x4  
  166  9:41  Baneling x17  
  166  9:42  Baneling x6  
  168  9:46  Overlord  
  168  9:48  Zergling x6  
  168  9:49  Zergling x2  
  166  9:53  Zergling x4  
  166  9:54  Zergling x10  
  166  9:59  Overlord  
  173  10:01  Hive  
  173  10:03  Drone  
  173  10:05  Spire  
  173  10:23  Drone x3  
  173  10:24  Drone  
  173  10:25  Extractor  
  176  10:38  Hatchery  
  176  10:41  Zergling x30  
  188  10:44  Baneling x7  
  188  10:46  Overlord  
  188  10:51  Zergling x4  
  188  10:56  Zergling x4  
  186  11:01  Overlord  
  186  11:19  Zergling x20  
  186  11:21  Greater Spire, Zerg Melee Weapons Level 3  
  186  11:22  Adrenal Glands  
  192  11:36  Baneling x11  
  187  12:01  Corruptor  
  187  12:02  Corruptor x6  
  187  12:04  Corruptor x5  
  191  12:17  Extractor, Zergling x18  
  191  12:18  Extractor  
  196  12:28  Zergling x2  
  196  12:29  Zergling x16  
  193  12:40  Brood Lord x3  
  189  12:47  Brood Lord x4  
  189  12:48  Zergling x18  
  189  12:49  Zergling x4  
  189  12:50  Queen  
  174  12:56  Hydralisk x2  
  165  13:00  Zergling x4  
  146  13:07  Zergling x4  
  146  13:11  Brood Lord x3  
  138  13:14  Zergling x4  
  135  13:20  Zergling x4  
  135  13:21  Baneling x2  
  135  13:22  Baneling  
  135  13:23  Zergling x4  
  135  13:24  Zergling x4  
  135  13:25  Zergling x2  
  136  13:28  Zergling x2  
  128  13:34  Drone x2  
  128  13:35  Drone  
  128  13:38  Drone  
  129  13:42  Zergling x4  
  129  13:43  Drone  
  129  13:45  Drone  
  118  13:52  Drone  
  118  13:53  Drone x7  
  118  13:54  Drone  
  118  13:55  Hydralisk  
  126  13:57  Hydralisk  
  126  14:01  Drone  
  129  14:04  Hydralisk x2  
  129  14:09  Baneling x4  
  133  14:11  Baneling x7  
  133  14:12  Hatchery, Drone x2  
  133  14:16  Drone x4  
  138  14:17  Extractor, Queen  
  138  14:19  Hydralisk x2  
  138  14:22  Drone  
  144  14:27  Zergling x2  
  145  14:32  Zergling x4  
  145  14:33  Zergling x6  
  145  14:34  Drone x3  
  142  14:39  Zergling x6  
  142  14:41  Zergling x2  
  145  14:52  Hydralisk x3, Zergling x2  
  136  14:58  Hydralisk  
  120  15:00  Hydralisk x2  
  120  15:01  Hydralisk  
  120  15:05  Queen  
  123  15:09  Drone x3  
  123  15:11  Baneling x5  
  123  15:14  Drone x3  
  125  15:17  Drone  
  126  15:21  Corruptor  
  126  15:23  Corruptor  
  126  15:25  Drone  
Tags
 
Add a new tag
Caveats
  • Supply blocks, unpowered buildings, or Contaminate may cause inaccurate times.
  • Supply counts are checked every 10 seconds.